Map: Kairos Junction LE

Players

Trizztein

  • Race: Terran Terran
  • League: Master
  • Spawn Location: 11:00

Drayke - Winner!

  • Race: Terran Terran
  • League: Diamond
  • Spawn Location: 5:00

VOD

Have the link to the VOD?

Description

Time

  • Played on: April 25, 2019, 6:05 p.m.
  • Length: 10:08
Show
View Real Time Build Order
Export as new Build Order

Trizztein Terran 

Build Orders:  

Get SALT Encoding   

  12  0:00  SCV  
  13  0:13  SCV  
  14  0:17  Supply Depot  
  14  0:25  SCV  
  15  0:29  Refinery  
  15  0:39  SCV  
  16  0:46  Barracks  
  16  0:51  SCV  
  17  1:03  SCV  
  18  1:15  SCV  
  19  1:34  Orbital Command  
  19  1:37  Marine, Refinery  
  20  1:47  Factory  
  20  1:55  Marine  
  20  1:57  Supply Depot  
  20  2:00  SCV  
  22  2:12  SCV  
  22  2:14  Barracks Reactor  
  23  2:24  SCV  
  24  2:31  Factory Tech Lab  
  24  2:33  Starport  
  24  2:37  SCV  
  25  2:49  SCV  
  26  2:55  Command Center  
  26  2:56  Siege Tank  
  29  3:01  SCV  
  29  3:02  Marine  
  31  3:10  Starport Tech Lab  
  31  3:19  Supply Depot  
  31  3:26  Marine  
  31  3:31  SCV  
  31  3:34  Marine  
  31  3:43  SCV  
  31  3:44  Marine  
  31  3:47  Raven  
  35  3:51  Marine  
  35  3:55  SCV  
  37  4:02  Marine  
  38  4:07  SCV  
  39  4:10  Supply Depot  
  39  4:11  Marine  
  39  4:12  Siege Tank  
  39  4:13  Orbital Command  
  43  4:20  Marine  
  43  4:22  SCV  
  45  4:30  Engineering Bay  
  45  4:34  SCV  
  46  4:42  SCV  
  46  4:43  Viking  
  49  4:46  SCV  
  49  4:49  Siege Tank  
  53  4:53  Stimpack  
  53  4:54  SCV  
  53  4:58  SCV  
  55  5:01  Marine  
  55  5:05  Terran Infantry Weapons Level 1  
  55  5:07  Supply Depot, SCV  
  56  5:12  SCV  
  58  5:18  Refinery  
  58  5:19  Marine  
  58  5:20  SCV  
  60  5:24  SCV  
  60  5:28  Siege Tank  
  64  5:36  SCV  
  64  5:37  Marine, SCV  
  64  5:38  Supply Depot  
  64  5:41  Supply Depot  
  67  5:48  SCV  
  67  5:49  SCV  
  69  5:52  Command Center  
  69  6:00  SCV  
  69  6:02  Barracks  
  70  6:04  Barracks  
  70  6:05  Supply Depot  
  70  6:06  Marine  
  70  6:08  Siege Tank  
  73  6:12  Viking  
  73  6:15  SCV x2  
  77  6:24  Marine  
  78  6:27  SCV x2  
  78  6:28  Missile Turret  
  80  6:39  SCV, Viking  
  83  6:42  Viking  
  83  6:43  Barracks  
  83  6:46  Barracks  
  73  6:59  Terran Infantry Armor Level 1  
  67  7:09  SCV, Viking  
  67  7:12  SCV, Viking  
  73  7:17  Barracks Tech Lab x2, Refinery  
  73  7:19  Starport  
  73  7:21  SCV  
  74  7:25  SCV  
  74  7:28  Barracks Reactor x2  
  75  7:30  Orbital Command  
  75  7:33  SCV  
  75  7:37  SCV  
  77  7:45  Combat Shield, Marine, SCV  
  77  7:47  Barracks Reactor  
  77  7:48  Barracks Reactor  
  77  7:49  SCV  
  80  7:53  Supply Depot x3  
  80  7:55  SCV  
  80  7:57  SCV  
  82  8:00  Refinery  
  82  8:01  SCV  
  82  8:04  Marine x5  
  88  8:05  Siege Tank  
  88  8:06  Viking  
  88  8:07  SCV  
  88  8:10  SCV  
  88  8:12  Starport Reactor  
  95  8:13  Starport Reactor, SCV  
  95  8:17  Supply Depot  
  95  8:18  Supply Depot  
  95  8:19  SCV  
  97  8:20  Viking  
  97  8:22  SCV  
  97  8:25  SCV  
  101  8:28  Marine x6  
  101  8:29  Marine x3  
  101  8:30  Engineering Bay  
  101  8:31  Armory, SCV  
  101  8:34  SCV  
  112  8:37  SCV  
  112  8:39  Refinery  
  112  8:41  Viking  
  114  8:44  SCV  
  114  8:46  Marine x4, SCV  
  120  8:49  SCV  
  120  8:50  Medivac  
  123  8:56  SCV  
  123  8:58  SCV  
  123  9:06  SCV, Command Center  
  123  9:08  SCV  
  123  9:10  SCV  
  123  9:11  Medivac  
  124  9:19  SCV  
  124  9:20  SCV  
  124  9:23  SCV  
  104  9:28  Marine x5  
  104  9:31  SCV  
  88  9:35  SCV  
  85  9:39  Marine x4, Command Center  
  85  9:43  SCV  
  95  9:46  Marine x4  
  95  9:47  SCV  
Show
View Real Time Build Order
Export as new Build Order

Drayke Terran - Winner!

Build Orders:  

Get SALT Encoding   

  12  0:00  SCV  
  13  0:13  SCV  
  14  0:17  Supply Depot  
  14  0:25  SCV  
  15  0:30  Refinery  
  15  0:41  SCV  
  16  0:44  Barracks  
  16  0:53  SCV  
  16  0:55  Refinery  
  17  1:05  SCV  
  18  1:17  SCV  
  19  1:31  Reaper, Orbital Command  
  20  1:39  Factory  
  20  1:55  Supply Depot  
  20  1:56  SCV  
  21  2:04  Reaper  
  22  2:11  SCV  
  23  2:23  Hellion  
  25  2:30  Command Center  
  25  2:34  SCV  
  25  2:36  Reaper  
  27  2:39  Supply Depot  
  27  2:45  Hellion  
  27  2:50  SCV  
  30  3:02  SCV  
  31  3:07  Factory Tech Lab  
  31  3:10  Starport, Refinery  
  31  3:12  Barracks Tech Lab  
  31  3:16  SCV  
  32  3:28  SCV  
  33  3:39  Cyclone  
  35  3:42  Orbital Command  
  35  3:44  SCV  
  35  3:55  Barracks Reactor  
  33  3:57  Raven  
  33  3:58  SCV  
  35  4:08  SCV  
  36  4:10  SCV  
  36  4:13  Siege Tank  
  40  4:17  Supply Depot  
  40  4:20  SCV  
  40  4:22  SCV  
  42  4:32  Marine x2, SCV  
  42  4:34  SCV  
  46  4:40  Raven  
  46  4:41  Refinery  
  46  4:45  SCV  
  49  4:47  SCV  
  49  4:48  Siege Tank  
  49  4:50  Marine x2  
  55  4:55  Supply Depot  
  55  4:57  Supply Depot, SCV  
  55  4:59  SCV  
  57  5:08  Marine x2  
  57  5:09  SCV  
  57  5:11  SCV  
  61  5:20  Siege Tank  
  61  5:21  SCV  
  65  5:23  SCV  
  66  5:32  Supply Depot  
  66  5:33  Supply Depot, SCV  
  66  5:35  SCV  
  66  5:42  Viking x2  
  66  5:43  Marine  
  66  5:44  Stimpack  
  66  5:47  SCV  
  72  5:54  Barracks  
  72  5:55  Barracks  
  72  5:56  Barracks  
  71  5:57  Barracks  
  71  6:02  Marine  
  71  6:03  Siege Tank  
  75  6:11  SCV x2  
  75  6:15  Supply Depot  
  75  6:17  Supply Depot  
  77  6:20  Marine  
  77  6:22  Viking x2  
  77  6:23  SCV x2  
  84  6:38  Marine  
  73  6:55  Marine  
  73  6:59  Barracks Reactor  
  73  7:01  Barracks Reactor  
  69  7:04  Barracks Reactor  
  69  7:05  Barracks Reactor  
  69  7:06  Siege Tank, Medivac x2  
  69  7:07  SCV x2  
  76  7:19  SCV x2  
  78  7:24  Marine  
  79  7:31  SCV x2  
  79  7:37  Engineering Bay x2, Marine x4, Command Center  
  81  7:38  Siege Tank  
  81  7:41  Marine  
  81  7:43  SCV x2  
  91  7:46  Marine x2  
  91  7:47  Marine x2  
  95  7:54  Marine  
  95  7:55  Marine x3, Combat Shield  
  99  7:59  Marine  
  99  8:04  Marine x3  
  99  8:05  Marine  
  104  8:06  Terran Infantry Weapons Level 1, Terran Infantry Armor Level 1  
  104  8:12  Marine x2  
  104  8:13  Marine x2  
  104  8:17  Marine  
  108  8:22  Marine x2  
  110  8:32  Marine x4  
  114  8:34  Marine x2  
  114  8:35  Marine  
  114  8:40  Supply Depot  
  114  8:41  Supply Depot  
  117  8:48  Medivac  
  119  8:49  Marine x2  
  119  8:50  Marine  
  119  8:51  Marine x3  
  119  8:52  Marine x2  
  119  8:53  Marine  
  128  9:07  Marine x2  
  128  9:08  Orbital Command, Marine  
  128  9:09  Marine x2  
  130  9:21  Marine  
  130  9:22  Marine x3  
  121  9:25  Marine  
  121  9:26  Marine x2  
  121  9:27  Marine x2  
  121  9:29  Orbital Command  
  118  9:39  Marine x3  
  118  9:40  Marine  
  118  9:43  Marine  
  118  9:44  Marine x3  
  118  9:45  Marine  
Tags
 
Add a new tag
Caveats
  • Supply blocks, unpowered buildings, or Contaminate may cause inaccurate times.
  • Supply counts are checked every 10 seconds.